 Dungeon Crawl Stone Soup version 0.17.1-2-g5865329 (webtiles) character file.

532 RedPan the Conjurer (level 7, -3/50 HPs)
             Began as a Yellow Draconian Conjurer on Jan 23, 2016.
             Slain by an adder (5 damage)
             ... on level 4 of the Dungeon.
             The game lasted 00:13:47 (3447 turns).

RedPan the Conjurer (Yellow Draconian Conjurer)     Turns: 3447, Time: 00:13:47

Health: -3/50      AC:  6    Str: 11    XL:     7   Next: 4%
Magic:  15/15      EV: 12    Int: 17    God:
Gold:   169        SH:  0    Dex: 11    Spells: 2 memorised, 11 levels left

rFire  . . .     SeeInvis .     m - +4 dagger
rCold  . . .     Clarity  .     (armour unavailable)
rNeg   . . .     SustAt   .     (no shield)
rPois  .         Gourm    .     (helmet restricted)
rElec  .         Spirit   .     (no cloak)
rCorr  +         Warding  .     (no gloves)
rMut   .         Stasis   .     (no boots)
MR     .....                    (no amulet)
Stlth  ++........               (no ring)
                                (no ring)

@: lethally poisoned (-3 -> -10), not resistant to hostile enchantments,
unstealthy
A: spit acid, acid resistance, unfitting armour, cold-blooded, AC +6
a: Spit Acid


You were on level 4 of the Dungeon.
You were not hungry.

You visited 1 branch of the dungeon, and saw 4 of its levels.

You collected 169 gold pieces.

Inventory:

Hand Weapons
 e - a +0 spear
 m - a +4 dagger (weapon)
 o - a +1 short sword of freezing
 r - a -2 short sword
Armour
 h - a +2 shield
Jewellery
 i - an uncursed ring of wizardry
Scrolls
 c - 2 scrolls of remove curse
 g - a scroll of amnesia
 q - a scroll of blinking {unknown}
Potions
 d - a potion of invisibility
 l - a potion of cancellation {unknown}
 n - a potion of lignification {unknown}
Books
 a - a book of Conjurations

   Spells                             Type                      Level
   a - Magic Dart                     Conjuration                  1
   b - Searing Ray                    Conjuration                  2
   c - Dazzling Spray                 Conjuration/Hexes            3
   d - Fulminant Prism                Conjuration/Hexes            4
   e - Iskenderun's Mystic Blast      Conjuration                  4
   f - Iskenderun's Battlesphere      Conjuration/Charms           5
Comestibles
 b - a bread ration
 f - 2 chunks of flesh
 j - a royal jelly
 k - 2 beef jerkies
 p - 2 meat rations


   Skills:
 - Level 1.7 Dodging
 - Level 1.7 Stealth
 + Level 5.3 Spellcasting
 * Level 6.4 Conjurations


You had 11 spell levels left.
You knew the following spells:

 Your Spells              Type           Power        Failure   Level  Hunger
a - Magic Dart            Conj           ####         1%          1    None
b - Iskenderun's Mystic   Conj           ####....     12%         4    ####...


Dungeon Overview and Level Annotations

Branches:
Dungeon (4/15)
 Temple: D:4-7

Altars:
Ashenzari
Nemelex Xobeh


Innate Abilities, Weirdness & Mutations

You can spit globs of acid.
You are resistant to acid.
Your golden yellow scales are hard (AC +6).
Your body does not fit into most forms of armour.
You are cold-blooded and may be slowed by cold attacks.


Message History

The adder poisons you! The adder bites you but does no damage.
You feel sick. The adder bites you but does no damage.
The adder bites you but does no damage.
You feel sick. The adder bites you.
* * * LOW HITPOINT WARNING * * *
The adder bites you but does no damage.
You feel sick. The adder barely misses you. The adder bites you.
* * * LOW HITPOINT WARNING * * *
* * * LOW HITPOINT WARNING * * *
You feel sick. The adder misses you. The adder bites you.
* * * LOW HITPOINT WARNING * * *
You are more poisoned.
The adder poisons you!
* * * LOW HITPOINT WARNING * * *
You feel sick. The adder bites you.
* * * LOW HITPOINT WARNING * * *
The adder bites you.
You die...

##+ ..###+#####
......... .......
.. ..... ... #.(.#
..$. #.S(##....
#.@.......
#......... ...
#......... ...
#.†....... ...
#......... ...
#......... ...
#...##.... #
#######'## .... #
.........#########
#


You could see an adder.

Vanquished Creatures
  Sigmund (D:2)
  An ice beast (D:4)
  A giant frog skeleton (D:3)
  An orc priest (D:3)
  A worker ant (D:4)
  11 adders
  2 oozes
  2 worms
  3 giant geckos
  10 orcs (D:3)
  A ball python (D:3)
  14 bats
  3 giant cockroaches
  8 hobgoblins
  9 jackals
  7 kobolds
  A giant gecko skeleton (D:4)
  9 giant newts
  5 goblins
  2 quokkas
  12 rats
104 creatures vanquished.

Notes
Turn   | Place    | Note
--------------------------------------------------------------
     0 | D:1      | RedPan the Draconian Conjurer began the quest for the Orb.
     0 | D:1      | Reached XP level 1. HP: 14/14 MP: 3/3
    85 | D:1      | Reached XP level 2. HP: 20/20 MP: 1/5
   839 | D:2      | Reached XP level 3. HP: 19/26 MP: 2/7
  1044 | D:2      | Reached XP level 4. HP: 31/33 MP: 4/8
  1420 | D:2      | Noticed Sigmund
  1435 | D:2      | Killed Sigmund
  1435 | D:2      | Reached skill level 5 in Conjurations
  1435 | D:2      | Reached XP level 5. HP: 13/38 MP: 9/12
  1780 | D:2      | Reached XP level 6. HP: 35/45 MP: 13/13
  1892 | D:3      | Found a shattered altar of Ashenzari.
  2312 | D:3      | Reached skill level 5 in Spellcasting
  2759 | D:3      | Learned a level 4 spell: Iskenderun's Mystic Blast
  2984 | D:3      | Found a sparkling altar of Nemelex Xobeh.
  3115 | D:3      | Reached skill level 6 in Conjurations
  3345 | D:4      | Your scales start taking on a golden yellow colour.
  3345 | D:4      | Reached XP level 7. HP: 35/50 MP: 0/15
  3447 | D:4      | HP: 2/50 [adder (1)]
  3447 | D:4      | Slain by an adder

Action                   |  1- 3 |  4- 6 |  7- 9 || total
-------------------------+-------+-------+-------++-------
Melee: Spear             |    82 |       |       ||    82
       Short sword       |    29 |   192 |       ||   221
       Dagger            |       |    11 |     2 ||    13
 Cast: Magic Dart        |    22 |    68 |     1 ||    91
  Use: Potion            |       |     2 |       ||     2
       Scroll            |       |     7 |       ||     7
 Stab: Sleeping          |     2 |     7 |       ||     9
       Invisible         |       |     1 |       ||     1
  Eat: Chunk             |     1 |     8 |       ||     9
